 Dungeon Crawl Stone Soup version bcrawl-1.37.2 (webtiles) character file.

Game seed: 9302369487398531977

127060 Morbidden the Sneak (level 4, 0/25 HPs)
             Began as a Vine Stalker Archaeologist on Nov 28, 2022.
             Slain by an adder (2 damage)
             ... on level 2 of the Dungeon.
             The game lasted 00:02:33 (1667 turns).

Morbidden the Sneak (Vine Stalker Archaeologist)    Turns: 1667, Time: 00:02:34

Health: 0/25       AC:  8    Str: 13    XL:     4   Next: 24%
Magic:  6/6        EV: 10    Int: 15    God:
Gold:   234        SH:  4    Dex: 13    Spells: 4/4 levels left

rFire    . . .     GDR:     25% a - +0 spear
rCold    + . .     SeeInvis .   A - +0 buckler
rNeg     . . .     Gourm    .   t - +0 ring mail
rPois    .         Faith    .   d - +1 hat
rElec    .         Spirit   .   (no cloak)
rCorr    .         Reflect  .   (no gloves)
MR       .....                  k - +1 pair of boots
Stlth    ++........             j - amulet of rage
HPRegen  0.54/turn              o - ring of protection from cold
MPRegen  0.10/turn              (no ring)

@: lethally poisoned (0 -> -1)
A: fangs 2, regeneration 1, no potion heal 3, rot immunity, strong jaws
a: Evoke Berserk Rage


You were on level 2 of the Dungeon.
You were hungry.

You visited 1 branch of the dungeon, and saw 3 of its levels.

You collected 234 gold pieces.

Inventory:

Hand Weapons
 a - a +0 spear (weapon)
 b - a +0 blowgun
Missiles
 f - 6 curare-tipped needles
 q - 71 poisoned tomahawks (quivered)
 w - 24 poisoned needles
Armour
 d - a +1 hat (worn)
 k - a +1 pair of boots (worn)
 t - a +0 ring mail (worn)
 A - a +0 buckler (worn)
Jewellery
 j - an amulet of rage (around neck)
 l - the ring "Kenkas" {Ice Int+3}
   (You found it on level 1 of the Dungeon)

   [ring of ice]

   It enhances your ice magic.
   It affects your intelligence (+3).
   It makes you vulnerable to fire.
   It protects you from cold.
 o - a ring of protection from cold (left hand)
Scrolls
 c - 2 scrolls of remove curse {unknown}
 g - 2 scrolls of magic mapping
 i - 2 scrolls of identify
 m - a scroll of teleportation {unknown}
 r - 2 scrolls of amnesia {unknown}
 v - a scroll of blinking {unknown}
 y - a scroll of enchant armour {unknown}
Potions
 n - a potion of heal wounds {unknown}
 p - a potion of magic {unknown}
 s - a potion of haste {unknown}
 x - 2 potions of curing {unknown}
 z - 2 potions of flight {unknown}
 B - a potion of lignification {unknown}
Miscellaneous
 h - a dusty tome
Comestibles
 e - 6 rations {!d}
 u - a chunk of flesh


   Skills:
 * Level 1.2 Fighting
   Level 0.8 Maces & Flails
 * Level 1.2 Polearms
 * Level 0.7 Armour
 * Level 3.9 Dodging
 + Level 5.0 Stealth
 * Level 0.7 Spellcasting
 * Level 0.6 Evocations


You had 4 spell levels left.
You didn't know any spells.
Your spell library was empty.

Dungeon Overview and Level Annotations

Branches:
Dungeon (3/12)

Altars:
Dithmenos
Hepliaklqana


Innate Abilities, Weirdness & Mutations

You have extremely sharp teeth.
Your natural rate of healing is unusually fast.
Potions cannot restore your health.
You are immune to rotting.
Your bites deal extra damage.


Message History

The adder bites you.
* * * LOW HITPOINT WARNING * * *
You block the adder's attack. The adder barely misses you.
No path to travel!
Throwing (i - inventory)
q - 73 poisoned tomahawks (quivered)
Press: ? - help, Shift-Dir - straight line, f/p - adder
Aim: an adder You throw a poisoned tomahawk.
The poisoned tomahawk hits the adder.
The adder is poisoned.
The adder is moderately wounded.
You feel sick.
The adder bites you but does no damage. x4
Throwing (i - inventory)
q - 72 poisoned tomahawks (quivered)
Press: ? - help, Shift-Dir - straight line, f/p - adder
Aim: an adder (heavily wounded, poisoned)
You throw a poisoned tomahawk. The poisoned tomahawk hits the adder.
The adder is almost dead.
You feel sick.
You kill the adder!
The adder bites you.
You die...

....# #.##.# ##..### #..... ....#
#.#..# ##...# ###.## ..).# #...##
###.# #.# ....###..##
#.########.## .##.).....######
#.......##..# .#####.........#
#######...#.# .#####.........#
###.... ........##.....###
#####.. .##.....#####..†@#
#####......
)##.##....###..#S######.....###.#
.##.###.#...............##### #..
.#..#...######..#..........## ##.
...##.#####...#...#.........####.
.####.####......#.##.............
#####.##........#..#.........####
##..............##...........#
..[..####.......####.........#


You could see an adder.

Vanquished Creatures
  An adder (D:2)
  2 oozes
  2 worms (D:2)
  A dart slug (D:1)
  2 leopard geckos (D:1)
  An orc (D:2)
  3 giant cockroaches
  6 goblins
  6 hobgoblins
  6 jackals
  A quokka (D:2)
  2 ball pythons
  5 bats
  4 frilled lizards
  5 kobolds
  2 rats (D:1)
49 creatures vanquished.

Notes
Turn   | Place    | Note
-------+----------+-------------------------------------------
     0 | D:1      | Morbidden the Vine Stalker Archaeologist began the quest
                  | for the Orb.
     0 | D:1      | Reached XP level 1. HP: 11/11 MP: 2/2
   145 | D:1      | Reached XP level 2. HP: 16/16 MP: 3/3
   463 | D:1      | Reached skill level 1 in Fighting
   513 | D:1      | Reached XP level 3. HP: 16/20 MP: 4/4
   783 | D:1      | Got a fine golden ring
   784 | D:1      | Identified the ring "Kenkas" {Ice Int+3} (You found it on
                  | level 1 of the Dungeon)
   903 | D:2      | Reached skill level 5 in Stealth
   919 | D:2      | Reached skill level 1 in Polearms
  1087 | D:2      | Reached XP level 4. HP: 25/25 MP: 5/5
  1109 | D:2      | Found a hazy altar of Hepliaklqana.
  1635 | D:3      | Found a shadowy altar of Dithmenos.
  1667 | D:2      | Slain by an adder

Skill      XL: |  1  2  3 |
---------------+----------+-----
Fighting       | 1 |  1.2
Stealth        | 5 |  5.0
Polearms       | 1 |  1.2
Maces & Flails | |  0.8
Armour         | |  0.7
Dodging        | |  3.9
Spellcasting   | |  0.7
Evocations     | |  0.6

Action                   |  1- 3 |  4- 6 || total
-------------------------+-------+-------++-------
Melee: Spear             |   125 |    58 ||   183
       Bite              |    17 |     6 ||    23
       Whip              |     2 |       ||     2
Throw: Tomahawk          |     3 |     7 ||    10
 Stab: Sleeping          |     5 |     1 ||     6
  Eat: Chunk             |     4 |     3 ||     7
Armor: Robe              |    23 |       ||    23
       Ring mail         |    28 |    48 ||    76
Dodge: Dodged            |    82 |    50 ||   132
Block: Buckler           |       |    11 ||    11
